 Dungeon Crawl Stone Soup version 0.21.1-1-g345015fe64 (webtiles) character file.

5554 Barra97 the Grappler (level 10, -3/94 HPs)
             Began as a Troll Berserker on Mar 28, 2018.
             Was an Elder of Trog.
             Slain by an orc warrior
             ... wielding a +0 mace
              (9 damage)
             ... on level 8 of the Dungeon.
             The game lasted 00:16:46 (6076 turns).

Barra97 the Grappler (Troll Berserker)              Turns: 6076, Time: 00:16:46

Health: -3/94      AC: 10    Str: 34    XL:     10   Next: 44%
Magic:  9/9        EV: 12    Int:  3    God:    Trog [****..]
Gold:   138        SH:  0    Dex:  9    Spells: 9/9 levels left

rFire    . . .     SeeInvis .     - Unarmed
rCold    . . .     Gourm    +   (no shield)
rNeg     . . .     Faith    .   a - +2 animal skin
rPois    .         Spirit   .   (helmet restricted)
rElec    .         Reflect  .   B - +0 cloak
rCorr    .         Harm     .   (gloves unavailable)
MR       .....                  (boots unavailable)
Stlth    +.........             r - amulet of regeneration
HPRegen  1.05/turn              e - +4 ring of strength
MPRegen  0.11/turn              l - +2 ring of protection

@: about to teleport, berserk cooldown, slowed, very slow
A: large, unfitting armour, claws 3, fast metabolism 3, gourmand, regeneration
1, shaggy fur 1, tough skin 2
a: Berserk, Trog's Hand, Brothers in Arms, Burn Spellbooks, Renounce Religion


You were on level 8 of the Dungeon.
You worshipped Trog.
Trog was greatly pleased with you.
You were not hungry.

You visited 1 branch of the dungeon, and saw 9 of its levels.

You collected 528 gold pieces.
You spent 390 gold pieces at shops.

Inventory:

Armour
 a - a +2 animal skin (worn)
 B - a +0 cloak (worn)
Jewellery
 c - a +2 ring of dexterity
 d - an uncursed ring of fire
 e - a +4 ring of strength (left claw)
 l - a +2 ring of protection (right claw)
 o - an uncursed ring of stealth
 p - an uncursed amulet of rage
 r - an amulet of regeneration (around neck)
 x - a +6 amulet of reflection {unknown}
 z - an uncursed ring of stealth
 A - an uncursed amulet of faith {unknown}
Wands
 q - a wand of flame (63)
 v - a wand of digging (19)
 D - a wand of acid (12)
 E - a wand of paralysis (15)
 G - a wand of iceblast (12)
Scrolls
 h - 3 scrolls of teleportation
 j - 2 scrolls of fog
 u - 2 scrolls of remove curse
 y - a scroll of fear
 H - a scroll of magic mapping
Potions
 f - 3 potions of mutation
 g - 2 potions of degeneration {unknown}
 k - 2 potions of lignification {unknown}
 m - a potion of invisibility {unknown}
 n - 3 potions of heal wounds {unknown}
 s - a potion of might {unknown}
 t - a potion of berserk rage {unknown}
 w - a potion of resistance {unknown}
Comestibles
 b - 21 rations


   Skills:
 + Level 4.7 Fighting
 + Level 7.0 Dodging
 + Level 12.6 Unarmed Combat


You had 9 spell levels left.
You didn't know any spells.

Dungeon Overview and Level Annotations

Branches:
Dungeon (9/15)             Temple (0/1) D:6
   Lair: D:8-11         Orc: D:9-12

Altars:
Ashenzari
Elyvilon
Fedhas
Gozag
Hepliaklqana
Nemelex Xobeh
Okawaru
Qazlal
Ru
Sif Muna
Trog
Uskayaw
Vehumet

Shops:
D:5 %   D:9 %?


Innate Abilities, Weirdness & Mutations

You are too large for most types of armour.
You have claws for hands.
Your metabolism is lightning-fast.
You like to eat raw meat.
Your natural rate of healing is unusually fast.
You are covered in fur. (AC +1)
You have very tough skin. (AC +2)


Message History

The hippogriff claws you but does no damage.
The water moccasin bites you but does no damage.
The orc warrior barely misses you.
You feel better. The water moccasin barely misses you.
The hippogriff bites you!
* * * LOW HITPOINT WARNING * * *
The hippogriff misses you. The hippogriff claws you.
* * * LOW HITPOINT WARNING * * *
The orc warrior hits you with a mace!
* * * LOW HITPOINT WARNING * * *
The water moccasin bites you but does no damage.
The hippogriff bites you!
* * * LOW HITPOINT WARNING * * *
The hippogriff pecks you but does no damage.
The hippogriff closely misses you.
As you read the scroll of teleportation, it crumbles to dust.
You feel strangely unstable.
The water moccasin bites you but does no damage.
The orc warrior hits you with a mace!
You die...

.# ... #.# .# # ... # #.#
.# #.###.## ###. #.## .#
##......# ... #... ## #..
#... ..# #.##
#..###.###.## #)#
#...#ol.....#... #.#
#..HSKs©......# #.#
##.@o#####...######
######## ## #.# #########
##©###### #.# ###
#.......# #...#...###.#
..# #.#####.#
#..##....##.### #.# #.#
###.####.###.......... #.#
#.###..............###.###
#.#
#.......#######.....##.#
#.#### #####.###
##.......#


You could see a hippogriff, a basilisk, an orc warrior, a water moccasin, a big
kobold, a scorpion and an orc priest.

Vanquished Creatures
  An ettin (D:9)
  A centaur warrior (D:8)
  2 two-headed ogres (D:8)
  The ghost of Oravi the Slinger, a novice HaFi (D:6)
  A slime creature (D:8)
  The ghost of BrokenGlass the Sneak, an amateur OpAs (D:3)
  A soldier ant (D:9)
  2 sky beasts
  A necrophage (D:9)
  3 ogres
  2 centaurs
  2 bullfrogs (D:8)
  4 scorpions
  5 killer bees (D:8)
  2 crimson imps (D:8)
  A hound (D:6)
  2 orc priests (D:3)
  2 orc wizards
  3 jellies
  2 bullfrog skeletons
  2 centaur skeletons
  3 worker ants
  A hound zombie (D:7)
  A hound skeleton (D:8)
  9 adders
  8 gnolls
  2 adder zombies
  3 dart slugs
  3 worms
  4 leopard geckos
  10 orcs
  3 bats (D:2)
  11 goblins
  6 hobgoblins
  9 jackals
  9 kobolds
  3 quokkas
  A ball python (D:6)
  2 frilled lizards
  A leopard gecko skeleton (D:6)
  8 rats
138 creatures vanquished.

Notes
Turn   | Place    | Note
-------+----------+-------------------------------------------
     0 | D:1      | Barra97 the Troll Berserker began the quest for the Orb.
     0 | D:1      | Reached XP level 1. HP: 22/22 MP: 0/0
   177 | D:1      | Reached XP level 2. HP: 27/29 MP: 1/1
   759 | D:2      | Found a bloodstained altar of Trog.
   788 | D:2      | Found a radiant altar of Vehumet.
   837 | D:2      | Reached XP level 3. HP: 22/36 MP: 2/2
   910 | D:2      | Reached ** piety under Trog
  1072 | D:2      | Reached skill level 4 in Unarmed Combat
  1552 | D:3      | Reached XP level 4. HP: 44/44 MP: 3/3
  1593 | D:3      | Found a white marble altar of Elyvilon.
  1643 | D:3      | Noticed BrokenGlass's ghost (amateur OpAs)
  1654 | D:3      | Killed BrokenGlass's ghost
  1654 | D:3      | Reached skill level 5 in Unarmed Combat
  1654 | D:3      | Reached XP level 5. HP: 52/53 MP: 4/4
  2277 | D:3      | Reached XP level 6. HP: 26/61 MP: 5/5
  2766 | D:4      | Reached skill level 6 in Unarmed Combat
  2865 | D:4      | Found a hazy altar of Hepliaklqana.
  2991 | D:5      | Entered Level 5 of the Dungeon
  3125 | D:5      | Reached *** piety under Trog
  3265 | D:5      | Found a sparkling altar of Nemelex Xobeh.
  3340 | D:5      | Found a shattered altar of Ashenzari.
  3433 | D:5      | Found Jumo's Food Shoppe.
  3444 | D:5      | Reached XP level 7. HP: 67/67 MP: 6/6
  3453 | D:5      | Bought a ration for 70 gold pieces
  3453 | D:5      | Bought a ration for 70 gold pieces
  3453 | D:5      | Bought a ration for 70 gold pieces
  3546 | D:5      | Found a deep blue altar of Sif Muna.
  3764 | D:6      | Reached skill level 7 in Unarmed Combat
  3769 | D:6      | HP: 2/67 [something (5)]
  3876 | D:6      | Found a staircase to the Ecumenical Temple.
  3910 | D:6      | Noticed Oravi's ghost (novice HaFi)
  3919 | D:6      | Killed Oravi's ghost
  3919 | D:6      | Reached skill level 8 in Unarmed Combat
  3919 | D:6      | Reached XP level 8. HP: 76/76 MP: 7/7
  3997 | D:6      | Found an opulent altar of Gozag.
  4101 | D:6      | Found a sacrificial altar of Ru.
  4114 | D:6      | Reached skill level 9 in Unarmed Combat
  4544 | D:7      | Found an opulent altar of Gozag.
  4947 | D:8      | Reached skill level 5 in Dodging
  5061 | D:8      | Found a stormy altar of Qazlal.
  5276 | D:8      | Noticed a hand axe
  5277 | D:8      | Noticed a dagger
  5278 | D:8      | Found a hide-covered altar of Uskayaw.
  5324 | D:8      | Reached XP level 9. HP: 84/84 MP: 8/8
  5332 | D:8      | Reached skill level 10 in Unarmed Combat
  5594 | D:8      | Found a transporter.
  5758 | D:9      | Found a blossoming altar of Fedhas.
  5781 | D:9      | Found Oguepohozu's Food Shop.
  5792 | D:9      | Bought a ration for 60 gold pieces
  5792 | D:9      | Bought a ration for 60 gold pieces
  5792 | D:9      | Bought a ration for 60 gold pieces
  5801 | D:9      | Found Meudeliy's Magic Scroll Shoppe.
  5823 | D:9      | Found a transporter.
  5841 | D:9      | Found a transporter.
  5902 | D:9      | Noticed an ettin
  5903 | D:9      | Found an iron altar of Okawaru.
  5923 | D:9      | Killed an ettin
  5923 | D:9      | Reached skill level 11 in Unarmed Combat
  6044 | D:8      | Noticed a two-headed ogre
  6050 | D:8      | Noticed a two-headed ogre
  6052 | D:8      | Noticed a centaur warrior
  6057 | D:8      | Killed a two-headed ogre
  6057 | D:8      | Reached XP level 10. HP: 64/94 MP: 9/9
  6060 | D:8      | Killed a two-headed ogre
  6060 | D:8      | Reached skill level 12 in Unarmed Combat
  6065 | D:8      | Killed a centaur warrior
  6072 | D:8      | Reached **** piety under Trog
  6076 | D:8      | Slain by an orc warrior

Skill      XL: |  1  2  3  4  5  6  7  8  9 10 |
---------------+-------------------------------+-----
Unarmed Combat | 4 5 6 8 9 11 12 | 12.6
Fighting       | 3 4 |  4.7
Dodging        | 3 4 5 6 7 |  7.0

Action                   |  1- 3 |  4- 6 |  7- 9 | 10-12 || total
-------------------------+-------+-------+-------+-------++-------
Melee: Unarmed           |    96 |   136 |   161 |    14 ||   407
       Punch             |     1 |     4 |     7 |     1 ||    13
Invok: Berserk           |       |     3 |     4 |       ||     7
       Trog's Hand       |       |       |     1 |       ||     1
       Burn Spellbooks   |       |       |     1 |       ||     1
  Use: Scroll            |     5 |     5 |    11 |     1 ||    22
       Potion            |       |       |       |     3 ||     3
 Stab: Paralysed         |       |       |     1 |       ||     1
       Distracted        |       |       |     1 |       ||     1
  Eat: Chunk             |    15 |    15 |     9 |       ||    39
       Ration            |       |       |     6 |       ||     6
Armor: Animal skin       |    28 |    30 |    49 |    14 ||   121
Dodge: Dodged            |    43 |    52 |    84 |    16 ||   195
